 Dungeon Crawl Stone Soup version 0.19-a0-1002-g674d22e (webtiles) character file.

107 epen the Ruffian (level 4, -9/36 HPs)
             Began as a Draconian Transmuter on July 18, 2016.
             Killed by divine providence
             ... invoked by an orc priest
              (10 damage)
             ... on level 3 of the Dungeon.
             The game lasted 00:03:19 (2396 turns).

epen the Ruffian (Draconian Transmuter)             Turns: 2396, Time: 00:03:19

Health: -9/36      AC:  2    Str: 13    XL:     4   Next: 57%
Magic:  5/8        EV: 20    Int: 14    God:
Gold:   13         SH:  0    Dex: 16    Spells: 3 memorised, 2 levels left

rFire  . . .     SeeInvis .       - Unarmed
rCold  . . .     Gourm    .     (armour unavailable)
rNeg   . . .     Faith    .     (shield currently unavailable)
rPois  x         Spirit   .     (helmet currently unavailable)
rElec  .         Dismiss  .     (cloak currently unavailable)
rCorr  .         Reflect  .     (gloves currently unavailable)
SustAt .         Harm     .     (boots currently unavailable)
MR     .....                    (no amulet)
Stlth  +.........               (no ring)
                                (no ring)

@: spider-form, not resistant to hostile enchantments, very unstealthy
A: unfitting armour, (cold-blooded), AC +5
a: End Transformation


You were on level 3 of the Dungeon.
You were not hungry.
You were a venomous arachnid creature.
You visited 1 branch of the dungeon, and saw 3 of its levels.

You collected 13 gold pieces.

Inventory:

Missiles
 a - 12 arrows
Scrolls
 d - 2 scrolls of teleportation {unknown}
 f - a scroll of remove curse
 g - 2 scrolls of immolation {unknown}
 h - a scroll of recharging {unknown}
 i - a scroll of identify {unknown}
 k - a scroll of noise {unknown}
 m - a scroll of enchant armour {unknown}
Potions
 e - a potion of cancellation {unknown}
 j - a potion of flight {unknown}
Books
 b - a book of Changes

   Spells                             Type                      Level
   a - Beastly Appendage              Transmutation                1
   b - Sticks to Snakes               Transmutation                2
   c - Spider Form                    Transmutation/Poison         3
   d - Ice Form                       Ice/Transmutation            4
   e - Blade Hands                    Transmutation                5
Comestibles
 c - 3 bread rations
 l - 8 chunks of flesh
 n - 2 meat rations


   Skills:
 + Level 1.9 Fighting
 + Level 2.1 Dodging
 + Level 3.3 Unarmed Combat
 * Level 2.8 Spellcasting
 * Level 3.3 Transmutations


You had 2 spell levels left.
You knew the following spells:

 Your Spells              Type           Power        Failure   Level  Hunger
a - Beastly Appendage     Tmut           ##....       17%         1    #......
b - Sticks to Snakes      Tmut           ##......     24%         2    ###....
c - Spider Form           Tmut/Pois      #.........   61%         3    ###....


Dungeon Overview and Level Annotations

Branches:
Dungeon (3/15)

Altars:


Innate Abilities, Weirdness & Mutations

((Your plain brown scales are hard. (AC +5)))
Your body does not fit into most forms of armour.
((You are cold-blooded and may be slowed by cold attacks.))


Message History

The goblin throws a stone.
The stone misses you.
The goblin throws a stone.
The stone hits you but does no damage.
Things that are here:
a short sword of electrocution; 3 stones; an orc corpse You are too injured to fight recklessly!
You are too injured to fight recklessly!
Unknown command.
The goblin hits you but does no damage.
You hit the goblin.
The goblin is poisoned.
The goblin is heavily wounded.
The goblin closely misses you.
You closely miss the goblin.
The goblin is severely wounded.
You kill the goblin!
The orc priest mumbles some strange prayers to Beogh against you.
Beogh smites you!
* * * LOW HITPOINT WARNING * * *
The orc priest invokes the aid of Beogh against you.
Beogh smites you!
You die...

.........$..# .
...........# ..
#o........#
...#.........# ....
........>...)#
.#....
.....(.......#
......
....####)(..(# ..
..# .. #.# #.#...#
#..#.##. ..#
#s#....... ##.#...
#.# #.#.#.....
......#####.#
##.#.####..#
####.....##.###.(#.#
... #
#.###.[......##.# ##
# #..####.........#
## ##..# #.........#
.# ##.#
##........... )##
#.# ##..........#


You could see an orc priest.

Vanquished Creatures
  3 adders (D:2)
  An ooze (D:3)
  2 worms (D:2)
  2 dart slugs (D:1)
  2 giant geckos
  3 orcs
  A ball python (D:2)
  5 bats (D:1)
  2 giant cockroaches (D:1)
  6 goblins
  8 hobgoblins
  8 jackals
  3 kobolds
  A quokka (D:2)
  5 giant newts
  6 rats
58 creatures vanquished.

Notes
Turn   | Place    | Note
-------+----------+-------------------------------------------
     0 | D:1      | epen the Draconian Transmuter began the quest for the Orb.
     0 | D:1      | Reached XP level 1. HP: 16/16 MP: 3/3
   248 | D:1      | Reached XP level 2. HP: 22/23 MP: 5/5
   700 | D:1      | Reached XP level 3. HP: 22/28 MP: 6/6
   704 | D:1      | Learned a level 2 spell: Sticks to Snakes
   708 | D:1      | Learned a level 3 spell: Spider Form
  1310 | D:2      | Reached XP level 4. HP: 29/36 MP: 2/7
  2395 | D:3      | HP: 1/36 [orc priest/divine providence (9)]
  2396 | D:3      | Killed from afar by an orc priest

Vault maps used:
D:1:      elethiomel_arrival_infinity_welcomes_careful_drivers,
          minmay_box_of_dots

Skill      XL: |  1  2  3 |
---------------+----------+-----
Transmutations | 3 |  3.3
Dodging        | 2 |  2.1
Fighting       | |  1.9
Unarmed Combat | |  3.3
Spellcasting   | |  2.8

Action                   |  1- 3 |  4- 6 || total
-------------------------+-------+-------++-------
Melee: Unarmed           |   184 |    58 ||   242
       Tailslap          |    17 |     3 ||    20
       Punch             |     1 |       ||     1
 Cast: Spider Form       |     3 |     4 ||     7
  Use: Scroll            |     1 |       ||     1
 Stab: Sleeping          |     2 |       ||     2
  Eat: Chunk             |     2 |     4 ||     6
Armor: Skin              |    75 |    15 ||    90
Dodge: Dodged            |   124 |    37 ||   161
